 Dungeon Crawl Stone Soup version 0.23-a0-607-g760965b (webtiles) character file.

100044 Mgcat the Severer (level 15, -4/132 HPs)
             Began as a Red Draconian Berserker on Dec 20, 2018.
             Was the Champion of Trog.
             Slain by a meliai
             ... wielding a +0 war axe
              (11 damage)
             ... on level 15 of the Dungeon.
             The game lasted 01:22:51 (25311 turns).

Mgcat the Severer (Red Draconian Berserker)        Turns: 25311, Time: 01:22:53

Health: -4/132     AC: 16    Str: 33    XL:     15   Next: 79%
Magic:  27/27      EV: 19    Int:  6    God:    Trog [******]
Gold:   1323       SH:  0    Dex: 14    Spells: 14/14 levels left

rFire    + + .     SeeInvis .   F - +8 executioner's axe of Trog's Hope {chop, MR+}
rCold    . . .     Gourm    .   (shield currently unavailable)
rNeg     . . .     Faith    .   (armour unavailable)
rPois    .         Spirit   .   (helmet restricted)
rElec    .         Reflect  .   g - +1 cloak
rCorr    .         Harm     .   L - +1 pair of gloves
MR       ++...                  m - +2 pair of boots
Stlth    +.........             I - amulet of Jiclyveo {RegenMP MP+9 Str+5 Int-4}
HPRegen  0.32/turn              K - ring of Yendor {*Drain rF+ Str+2 Int+2}
MPRegen  0.45/turn              f - +4 ring of strength

@: short of breath
A: breathe fire, unfitting armour, fire resistance 1, cold-blooded, AC +9
a: Breathe Fire, Berserk, Trog's Hand, Brothers in Arms, Renounce Religion


You were on level 15 of the Dungeon.
You worshipped Trog.
Trog was exalted by your worship.
You were not hungry.

You visited 3 branches of the dungeon, and saw 23 of its levels.
You also visited: Volcano.

You collected 2474 gold pieces.
You spent 1151 gold pieces at shops.

Inventory:

Hand Weapons
 q - a +0 hand axe of flaming
   (You took it off a big kobold on level 8 of the Dungeon)
 F - the +8 executioner's axe of Trog's Hope (weapon) {chop, MR+}
   (Trog gifted it to you on level 5 of the Lair of Beasts)

   It inflicts extra damage upon your enemies.
   It affects your resistance to hostile enchantments.
Missiles
 c - 6 poisoned javelins (quivered)
 h - 13 curare-tipped needles
 y - 3 tomahawks of dispersal {=f}
 N - a throwing net {=f, !d}
Armour
 g - a +1 cloak (worn)
   (You found it on level 2 of the Dungeon)
 m - a +2 pair of boots (worn)
   (You found it on level 5 of the Dungeon)
 L - a +1 pair of gloves (worn)
   (You bought it in a shop on level 2 of the Orcish Mines)
Jewellery
 f - a +4 ring of strength (right hand)
   (You found it on level 1 of the Lair of Beasts)
 p - an uncursed ring of protection from cold {rC+, !d}
   (You took it off a big kobold on level 9 of the Dungeon)
 C - an uncursed amulet of regeneration {+regen, !d}
   (You bought it in a shop on level 8 of the Dungeon)
 I - the amulet of Jiclyveo (around neck) {RegenMP MP+9 Str+5 Int-4}
   (You found it on level 6 of the Lair of Beasts)

   [amulet of magic regeneration]

   It increases your magic regeneration.
   It affects your strength (+5).
   It affects your intelligence (-4).
   It affects your magic capacity (+9).
 K - the ring of Yendor (left hand) {*Drain rF+ Str+2 Int+2}
   (You bought it in a shop on level 2 of the Orcish Mines)

   [ring of intelligence]

   It affects your strength (+2).
   It affects your intelligence (+2).
   It protects you from fire.
   It causes draining when unequipped.
Wands
 i - a wand of paralysis (17)
   (You found it on level 4 of the Lair of Beasts)
 j - a wand of iceblast (9)
   (You found it on level 2 of the Lair of Beasts)
 n - a wand of clouds (5)
   (You found it on level 2 of the Lair of Beasts)
 s - a wand of random effects (24)
   (You found it on level 4 of the Dungeon)
 A - a wand of acid (2)
   (You took it off Harold on level 1 of the Lair of Beasts)
 G - a wand of polymorph (14)
   (You found it on level 6 of the Lair of Beasts)
 H - a wand of digging (5)
   (You found it on level 6 of the Lair of Beasts)
Scrolls
 d - 11 scrolls of remove curse
 l - 12 scrolls of identify
 o - 4 scrolls of fog
 r - 3 scrolls of teleportation
 E - a scroll of holy word {!r}
 O - a scroll of acquirement {unknown}
Potions
 a - 7 potions of curing
 e - a potion of magic
 k - 6 potions of might
 t - 2 potions of agility
 u - 3 potions of berserk rage {!q}
 v - 3 potions of resistance
 w - 2 potions of mutation {!q}
 x - 2 potions of lignification {!q}
 z - a potion of ambrosia
 D - 3 potions of haste
 M - a potion of heal wounds
Miscellaneous
 J - a lightning rod (4/4)
   (You found it on level 6 of the Lair of Beasts)
Comestibles
 b - 51 rations
 B - 2 chunks of flesh {@w0}


   Skills:
 + Level 11.7 Fighting
 + Level 20.5 Axes
 + Level 7.4 Throwing
 + Level 11.2 Dodging
   Level 1.2 Shields
 - Level 5.0 Evocations


You had 14 spell levels left.
You didn't know any spells.
Your spell library contained the following spells:

 Spells                   Type           Power        Failure   Level  Hunger
 Magic Dart               Conj           #...         45%         1    ##.....
 Shock                    Conj/Air       #...         45%         1    ##.....
 Summon Small Mammal      Summ           #...         45%         1    ##.....
 Blink                    Tloc           N/A          58%         2    ###....
 Call Imp                 Summ           #.......     58%         2    ###....
 Slow                     Hex            #.......     58%         2    ###....
 Swiftness                Chrm/Air       #.......     58%         2    ###....
 Call Canine Familiar     Summ           #.......     83%         3    ####...
 Conjure Flame            Conj/Fire      #.......     83%         3    ####...
 Mephitic Cloud           Conj/Pois/Air  #.......     83%         3    ####...
 Static Discharge         Conj/Air       #.......     83%         3    ####...
 Summon Guardian Golem    Hex/Summ       #.......     83%         3    ####...
 Airstrike                Air            #.........   99%         4    #####..
 Summon Ice Beast         Ice/Summ       #.......     99%         4    #####..
 Summon Lightning Spire   Summ/Air       #.......     99%         4    #####..
 Lightning Bolt           Conj/Air       #.........   100%        5    ######.
 Ignition                 Fire           #.........   100%        8    #######
 Shatter                  Erth           #.........   100%        9    #######
 Tornado                  Air            #.........   100%        9    #######


Dungeon Overview and Level Annotations

Branches:
Dungeon (15/15)            Temple (0/1) D:5            Lair (6/6) D:9
  Swamp (0/4) Lair:2        Snake (0/4) Lair:2        Slime (0/5) Lair:5
    Orc (2/2) D:12            Elf (0/3) Orc:2        Vaults (0/5) D:14
 Depths: D:15

Altars:
Ashenzari
Cheibriados
Elyvilon
Fedhas
Gozag
Kikubaaqudgha
Nemelex Xobeh
Okawaru
Qazlal
Ru
Sif Muna
Uskayaw
Vehumet
Wu Jian
Yredelemnul
Lugonu

Shops:
D:8 =   Orc:2 !=**

Annotations:
D:2 exclusion: Sigmund, Sigmund
D:3 2 runed doors, melvinkitnick's ghost, amateur SpEn
D:9 2 transporters, Ratty's ghost, novice DENe
D:11 1 runed door
D:14 2 transporters


Innate Abilities, Weirdness & Mutations

You can breathe blasts of fire.
Your fiery red scales are hard. (AC +9)
You cannot fit into any form of body armour.
Your flesh is heat resistant. (rF+)
You are cold-blooded and may be slowed by cold attacks.


Message History

The yaktaur wields a +3 arbalest.
The yaktaur shoots a bolt.
The bolt hits you!!
The yaktaur wields a +0 arbalest.
The yaktaur shoots a bolt.
The bolt closely misses you.
Unknown command.
A hippogriff comes into view.
The hippogriff screeches!
The yaktaur hits you!
The yaktaur unwields a +3 arbalest.
The yaktaur misses you.
The yaktaur unwields a +0 arbalest.
The yaktaur hits you!
You see here a vampire mosquito corpse.
Unknown command.
You hit the yaktaur.
The yaktaur is lightly wounded.
You slash the yaktaur!
You slice the yaktaur like a ripe choko!!!
You kill the yaktaur!
Trog accepts your kill. The yaktaur closely misses you. The yaktaur hits you.
You slice the yaktaur!!
You kill the yaktaur!
Trog accepts your kill.
You barely miss the yaktaur. The yaktaur completely misses you.
You barely miss the yaktaur. You tail-slap the yaktaur.
The yaktaur is moderately wounded.
The yaktaur barely misses you.
You barely miss the yaktaur.
The yaktaur is moderately wounded.
The yaktaur misses you.
You cut the yaktaur into ribbons!!!
You kill the yaktaur!
Trog accepts your kill.
You hit the hippogriff but do no damage.
You tail-slap the hippogriff, but do no damage.
The hippogriff bites you but does no damage.
The hippogriff misses you. x2
You slice the hippogriff!!
The hippogriff is severely wounded.
The hippogriff bites you but does no damage.
The hippogriff closely misses you. x2
You slice the hippogriff like a ripe choko!!!
You kill the hippogriff!
Trog accepts your kill.
Things that are here:
2 bolts; an ebony battleaxe {god gift} You have got your breath back.
You see here a leather armour.
Unknown command.
Unknown command.
You start resting.
Unknown command.
You start resting.
A meliai comes into view. It is wielding a +0 war axe.
Unknown command.
The meliai buzzes angrily.
You hear an angry buzzing noise. x2
Unknown command.
Unknown command.
The meliai mumbles some strange prayers to its god against you.
Something smites you!
You hear an angry buzzing noise.
Unknown command.
Unknown command.
Press: ? - help, Shift-Dir - straight line, f - meliai
Aim: a meliai, wielding a +0 war axe and wearing a +0 robe You breathe a blast of fire!
The fiery breath misses the meliai.
You feel somewhat more hungry.
A meliai comes into view. It is wielding a +0 hand axe.
A meliai comes into view. It is wielding a +0 war axe.
The meliai calls down the wrath of its god upon you.
Something smites you!
The meliai calls down the wrath of its god upon you.
Something smites you!
You closely miss the meliai.
Your tail-slap misses the meliai.
The meliai invokes the aid of its god against you.
Something smites you! The meliai misses you.
The meliai stings you but does no damage.
The meliai hits you with a +0 war axe.
* * * LOW HITPOINT WARNING * * *
The meliai stings you but does no damage.
Unknown command.
Unknown command.
You miss the meliai.
You tail-slap the meliai, but do no damage.
The meliai barely misses you. The meliai completely misses you.
Unknown command.
Unknown command.
You slice the meliai!!
You kill the meliai!
Trog accepts your kill.
The meliai calls down the wrath of its god upon you.
Something smites you!
* * * LOW HITPOINT WARNING * * *
Unknown command.
Unknown command.
Unknown command.
You completely miss the meliai.
Your tail-slap misses the meliai.
The meliai calls down the wrath of its god upon you.
Something smites you!
* * * LOW HITPOINT WARNING * * *
The meliai hits you with a +0 war axe!
You die...

......
##..........##..#
......
#........##....#
......
##.......####...#
......###........#
##..##
.....)#(...##....#
#...#
.....)†(..####[..#
#.### .....))..##
#...### #.#
........##
##....###.#
.........# #.@...##.#
.....##...##
##yy...#..#### ..###
###..###...[........#
.# #............#####
. #..#####...#.# ..
#..# ##.§#.# ..# #.##
##.....# #..# #.#
##......# #.. ##.#
##.......##


You could see 2 meliai.

Vanquished Creatures
  Kirke (Lair:5)
  An orc warlord (D:12)
  A dire elephant (Lair:6)
  Fannar (D:11)
  A vault guard (D:14)
  5 hydras
  A merfolk avatar (Lair:6)
  2 centaur warriors (D:14)
  4 two-headed ogres
  2 orc high priests (Orc:2)
  Sonja (D:12)
  7 slime creatures (D:13)
  Nergalle (Lair:3)
  A hell knight (Volcano)
  A salamander mystic (Volcano)
  3 unseen horrors
  5 skeletal warriors (D:14)
  A sea snake (Lair:6)
  An unseen horror (shapeshifter) (D:14)
  2 wizards (D:14)
  A deep elf archer (D:14)
  A lindwurm (Lair:6)
  4 orc knights (Orc:2)
  A necromancer (D:14)
  14 ugly things
  2 manticores
  4 salamanders (Volcano)
  4 orc sorcerers (Orc:2)
  5 oklob plants (Lair:3)
  A centaur zombie (D:14)
  22 elephants
  A black mamba (shapeshifter) (D:15)
  A torpor snail (Lair:3)
  2 molten gargoyles (Volcano)
  Psyche (D:12)
  A black mamba (Lair:5)
  12 spiny frogs
  5 rime drakes
  A kobold demonologist (D:14)
  12 komodo dragons
  5 yaktaurs (D:15)
  A queen bee (Lair:3)
  6 trolls
  A meliai (D:15)
  4 tyrant leeches (Lair:3)
  A wind drake (Lair:6)
  6 polar bears (Lair:6)
  3 blink frogs (Lair:4)
  9 dream sheep
  3 hornets
  9 hippogriffs
  2 spriggans (Lair:1)
  5 wyverns
  2 wraiths
  53 yaks
  2 fire bats (Volcano)
  20 humans (D:14)
  A golden eye (shapeshifter) (D:15)
  2 hogs (Lair:5)
  4 hungry ghosts
  2 basilisks
  6 swamp worms (Lair:3)
  2 wargs (D:12)
  2 vampire mosquitoes (D:15)
  Edmund (D:6)
  A naga (Lair:2)
  A soldier ant (D:13)
  2 two-headed ogre zombies (D:12)
  13 water moccasins
  8 porcupines
  2 hell hounds (D:14)
  2 ice beasts
  22 orc warriors
  4 black bears
  2 sky beasts
  12 ogres
  5 necrophages (Lair:4)
  8 phantoms
  16 crocodiles
  5 centaurs
  3 wolves (Lair:3)
  5 big kobolds
  19 bullfrogs
  2 scorpions
  A water moccasin skeleton (D:6)
  26 killer bees
  A troll zombie (D:12)
  15 wights
  An electric eel (Lair:3)
  7 howler monkeys
  7 crimson imps
  6 lava snakes (Volcano)
  2 bullfrog zombies
  A bullfrog skeleton (D:9)
  3 hounds
  An iron imp (D:7)
  4 jellies
  12 orc priests
  18 orc wizards
  12 centaur skeletons
  Natasha (thrice) (D:2)
  3 iguanas
  11 worker ants
  5 ogre zombies (D:12)
  A hound zombie (D:10)
  2 hound skeletons
  4 gnolls (D:7)
  12 adders
  2 shadow imps
  7 oozes
  An adder zombie (D:6)
  3 worms
  5 leopard geckos
  54 orcs
  4 ball pythons
  2 giant cockroaches
  9 goblins
  4 hobgoblins
  13 jackals
  7 quokkas
  A ball python skeleton (D:4)
  6 bats
  2 frilled lizards (D:1)
  2 goblin skeletons (D:12)
  A goblin zombie (D:12)
  A hobgoblin skeleton (D:12)
  4 hobgoblin zombies (D:12)
  15 kobolds
  2 leopard gecko skeletons (D:4)
  A leopard gecko zombie (D:5)
  5 orc skeletons (D:12)
  12 orc zombies (D:12)
  A quokka skeleton (D:7)
  5 rats
  5 fungi
  3 plants
756 creatures vanquished.

Vanquished Creatures (collateral kills)
  Azrael (D:14)
  Harold (Lair:1)
  A hydra (D:8)
  An orc high priest (Orc:2)
  An orc knight (Orc:2)
  4 spiny frogs (Lair:1)
  2 hell hounds (D:14)
  An orc warrior (Orc:2)
  A phantom (D:14)
  An ogre (D:14)
  2 centaurs (D:14)
  An orc wizard (Orc:2)
17 creatures vanquished.

Vanquished Creatures (others)
  12 fungi
  33 plants
45 creatures vanquished.

Grand Total: 818 creatures vanquished

Notes
Turn   | Place    | Note
-------+----------+-------------------------------------------
     0 | D:1      | Mgcat the Draconian Berserker began the quest for the Orb.
     0 | D:1      | Reached XP level 1. HP: 19/19 MP: 1/1
   313 | D:1      | Found an iron altar of Okawaru.
   345 | D:1      | Reached XP level 2. HP: 24/26 MP: 2/2
   586 | D:1      | Reached skill level 3 in Dodging
   868 | D:2      | Reached XP level 3. HP: 33/33 MP: 3/3
  1023 | D:2      | Noticed Natasha
  1032 | D:2      | Killed Natasha
  1032 | D:2      | Reached ** piety under Trog
  1032 | D:2      | Reached skill level 4 in Fighting
  1115 | D:2      | Found an ancient bone altar of Kikubaaqudgha.
  1183 | D:2      | Noticed Sigmund
  1273 | D:2      | Reached XP level 4. HP: 35/40 MP: 4/4
  1343 | D:2      | Noticed Natasha
  1363 | D:2      | Killed Natasha
  1514 | D:2      | Noticed Natasha
  1519 | D:2      | Killed Natasha
  1519 | D:2      | Reached skill level 4 in Axes
  1738 | D:2      | Found an ornate altar of the Wu Jian Council.
  2037 | D:3      | Reached XP level 5. HP: 31/47 MP: 5/5
  2413 | D:3      | Found a large runed door.
  2413 | D:3      | Found a large runed door.
  2424 | D:3      | Noticed melvinkitnick's ghost (amateur SpEn)
  2461 | D:3      | You fall through a shaft for 2 floors!
  2461 | D:5      | Entered Level 5 of the Dungeon
  2997 | D:3      | Found an opulent altar of Gozag.
  2997 | D:3      | Found a shattered altar of Ashenzari.
  2998 | D:3      | Found a deep blue altar of Sif Muna.
  3205 | D:4      | Reached skill level 4 in Dodging
  3274 | D:4      | Noticed a phantom
  3555 | D:4      | Reached skill level 5 in Fighting
  3619 | D:4      | Reached *** piety under Trog
  3619 | D:4      | Reached XP level 6. HP: 47/56 MP: 6/6
  4391 | D:4      | Reached skill level 5 in Axes
  4545 | D:4      | Found a blossoming altar of Fedhas.
  4813 | D:5      | Found a staircase to the Ecumenical Temple.
  4844 | D:5      | Found a radiant altar of Vehumet.
  4892 | D:5      | Found a sparkling altar of Nemelex Xobeh.
  4967 | D:5      | Your scales start taking on a fiery red colour.
  4967 | D:5      | Reached XP level 7. HP: 51/62 MP: 7/7
  4967 | D:5      | Gained mutation: Your flesh is heat resistant. (rF+) [Red
                  | Draconian growth]
  5092 | D:5      | Found a stormy altar of Qazlal.
  5333 | D:5      | Reached skill level 6 in Fighting
  5333 | D:5      | Reached skill level 5 in Dodging
  5684 | D:6      | Noticed Edmund
  5685 | D:6      | Reached skill level 6 in Axes
  5711 | D:6      | Killed Edmund
  5711 | D:6      | Reached XP level 8. HP: 55/71 MP: 8/8
  5808 | D:6      | Reached skill level 7 in Fighting
  5871 | D:6      | You fall through a shaft!
  5874 | D:7      | Reached skill level 6 in Dodging
  5898 | D:7      | Reached skill level 1 in Shields
  6175 | D:7      | Reached **** piety under Trog
  6178 | D:7      | Reached skill level 7 in Axes
  6249 | D:7      | Found a snail-covered altar of Cheibriados.
  6524 | D:6      | Reached skill level 8 in Fighting
  6990 | D:7      | Reached XP level 9. HP: 71/81 MP: 9/9
  7171 | D:7      | Found a basalt altar of Yredelemnul.
  7587 | D:8      | Reached skill level 7 in Dodging
  7628 | D:8      | Found Isininot's Jewellery Boutique.
  7645 | D:8      | Bought an uncursed amulet of regeneration for 360 gold
                  | pieces
  7770 | D:8      | Reached skill level 8 in Axes
  7777 | D:8      | Reached skill level 9 in Fighting
  7819 | D:8      | Noticed a three-headed hydra
  7828 | D:8      | Killed a three-headed hydra
  7830 | D:8      | Reached skill level 8 in Dodging
  8026 | D:8      | Reached XP level 10. HP: 92/92 MP: 10/10
  8448 | D:9      | Reached skill level 9 in Axes
  8653 | D:9      | Reached skill level 10 in Fighting
  8786 | D:9      | Reached skill level 9 in Dodging
  8981 | D:9      | Found a staircase to the Lair.
  9032 | D:9      | Noticed a +0 hand axe
  9033 | D:9      | Noticed a +0 hand axe
  9036 | D:9      | Found a hide-covered altar of Uskayaw.
  9046 | D:9      | Found a transporter.
  9046 | D:9      | Noticed Ratty's ghost (novice DENe)
  9127 | D:9      | Found a transporter.
  9170 | D:9      | Reached skill level 10 in Axes
  9530 | D:9      | Killed an unseen horror
  9530 | D:9      | Reached skill level 10 in Dodging
  9530 | D:9      | Reached XP level 11. HP: 89/99 MP: 11/11
  9599 | D:9      | Found a sacrificial altar of Ru.
  9719 | D:10     | Entered Level 10 of the Dungeon
  9737 | D:10     | Noticed a two-headed ogre
  9818 | Lair:1   | Entered Level 1 of the Lair of Beasts
  9924 | Lair:1   | Reached skill level 11 in Axes
 10188 | Lair:1   | Reached skill level 12 in Axes
 10533 | Lair:1   | Found a radiant altar of Vehumet.
 10555 | Lair:1   | Reached skill level 13 in Axes
 10669 | Lair:1   | Reached ***** piety under Trog
 10697 | Lair:1   | Noticed Harold
 10923 | Lair:1   | Killed Harold
 11313 | Lair:2   | Reached skill level 14 in Axes
 11313 | Lair:2   | Reached XP level 12. HP: 96/106 MP: 12/12
 11360 | Lair:2   | Found a staircase to the Snake Pit.
 11487 | Lair:2   | Found a staircase to the Swamp.
 11867 | Lair:3   | Reached skill level 1 in Evocations
 11926 | Lair:3   | Reached skill level 2 in Evocations
 12035 | Lair:3   | Noticed a seven-headed hydra
 12170 | Lair:3   | Killed a seven-headed hydra
 12170 | Lair:3   | Reached skill level 3 in Evocations
 12270 | Lair:3   | Reached skill level 4 in Evocations
 12313 | Lair:3   | Reached skill level 15 in Axes
 12480 | Lair:3   | Reached skill level 5 in Evocations
 12524 | Lair:3   | HP: 33/159 [swamp worm (12)]
 12531 | Lair:3   | HP: 23/106 [tyrant leech (21)]
 12837 | Lair:3   | HP: 26/106 [poisoned by a killer bee]
 12845 | Lair:3   | HP: 24/106 [killer bee (8)]
 12846 | Lair:3   | HP: 9/106 [killer bee (15)]
 13089 | Lair:3   | Received a gift from Trog
 13320 | Lair:3   | Noticed Nergalle
 13333 | Lair:3   | Killed Nergalle
 13904 | Lair:3   | Reached skill level 16 in Axes
 14220 | Lair:3   | Reached XP level 13. HP: 100/113 MP: 16/16
 14960 | Lair:4   | Reached skill level 17 in Axes
 15034 | Lair:4   | Found a snail-covered altar of Cheibriados.
 15455 | Lair:5   | Found a dark tunnel.
 15464 | Volcano  | Entered a volcano
 15558 | Volcano  | Found a radiant altar of Vehumet.
 15568 | Volcano  | HP: 42/169 [salamander/+3 spear (7)]
 16375 | Lair:5   | Found a staircase to the Slime Pits.
 16538 | Lair:5   | Received a gift from Trog
 16541 | Lair:5   | Got an encrusted executioner's axe {god gift}
 16542 | Lair:5   | Identified the +8 executioner's axe of Trog's Hope {chop,
                  | MR+} (Trog gifted it to you on level 5 of the Lair of
                  | Beasts)
 16670 | Lair:5   | Noticed Kirke
 16678 | Lair:5   | Killed Kirke
 16678 | Lair:5   | Reached skill level 18 in Axes
 17238 | Lair:6   | Entered Level 6 of the Lair of Beasts
 17245 | Lair:6   | Reached skill level 1 in Throwing
 17447 | Lair:6   | Reached skill level 2 in Throwing
 17490 | Lair:6   | Noticed a dire elephant
 17501 | Lair:6   | Killed a dire elephant
 17589 | Lair:6   | Reached skill level 3 in Throwing
 17597 | Lair:6   | Reached XP level 14. HP: 108/121 MP: 17/17
 18000 | Lair:6   | Reached skill level 4 in Throwing
 18069 | Lair:6   | Received a gift from Trog
 18157 | Lair:6   | Reached skill level 5 in Throwing
 18486 | Lair:6   | Reached skill level 19 in Axes
 18815 | Lair:6   | Got a crude tin amulet
 18836 | Lair:6   | Identified the amulet of Jiclyveo {RegenMP MP+9 Str+5
                  | Int-4} (You found it on level 6 of the Lair of Beasts)
 19995 | D:11     | Found a white marble altar of Elyvilon.
 19995 | D:11     | Noticed an angel
 19996 | D:11     | Found a runed door.
 20004 | D:11     | Noticed Fannar
 20093 | D:11     | Killed Fannar
 20223 | D:12     | Reached ****** piety under Trog
 20244 | D:12     | Received a gift from Trog
 20290 | D:12     | Found a staircase to the Orcish Mines.
 20549 | D:12     | Noticed Psyche
 20553 | D:12     | Killed Psyche
 20624 | D:12     | Noticed Sonja
 20632 | D:12     | Killed Sonja
 20977 | Orc:1    | Entered Level 1 of the Orcish Mines
 20986 | Orc:1    | Noticed an orc warlord
 21200 | D:12     | Killed an orc warlord
 21200 | D:12     | Reached skill level 20 in Axes
 21701 | Orc:2    | Entered Level 2 of the Orcish Mines
 21771 | Orc:2    | Found a staircase to the Elven Halls.
 22260 | Orc:2    | Received a gift from Trog
 22531 | Orc:2    | Received a gift from Trog
 22532 | Orc:2    | Found Opleg's Assorted Antiques.
 22834 | Orc:2    | Reached XP level 15. HP: 105/127 MP: 18/18
 23037 | Orc:2    | Found Zuasch's Distillery.
 23043 | Orc:2    | Found Fiffoo's Jewellery Boutique.
 23045 | Orc:2    | Found Duddevve's General Store.
 23053 | Orc:2    | Bought a scroll of enchant armour for 120 gold pieces
 23053 | Orc:2    | Bought a +0 pair of gloves for 72 gold pieces
 23089 | Orc:2    | Bought the ring of Yendor {*Drain rF+ Str+2 Int+2} for 261
                  | gold pieces
 23104 | Orc:2    | Bought a potion of haste for 130 gold pieces
 23104 | Orc:2    | Bought a potion of agility for 52 gold pieces
 23104 | Orc:2    | Bought a potion of haste for 130 gold pieces
 23112 | Orc:2    | Bought a cursed -2 ring of dexterity for 26 gold pieces
 23630 | D:13     | Reached skill level 6 in Throwing
 23771 | D:14     | Found a corrupted altar of Lugonu.
 23928 | D:14     | Reached skill level 11 in Fighting
 23928 | D:14     | Received a gift from Trog
 24383 | D:14     | Found a deep blue altar of Sif Muna.
 24412 | D:14     | Noticed Azrael
 24429 | D:14     | Killed Azrael
 24636 | D:14     | Reached skill level 11 in Dodging
 24642 | D:14     | Found a transporter.
 24644 | D:14     | Found a transporter.
 24727 | D:14     | Reached skill level 7 in Throwing
 24773 | D:14     | Found a gate to the Vaults.
 25101 | D:15     | Entered Level 15 of the Dungeon
 25210 | D:15     | Received a gift from Trog
 25310 | D:15     | HP: 21/132 [meliai/divine providence (15)]
 25311 | D:15     | HP: 7/132 [meliai/divine providence (14)]
 25311 | D:15     | Slain by a meliai

Vault maps used:
D:1:      elethiomel_arrival_maze, okawaru_ov_weapons_minmay
D:2:      kiku_gazebo_pond_becter, lemuel_round_altar, first_ration,
          minivault_24, uniq_natasha, uniq_sigmund
D:3:      nicolae_overflow_hidden_temple, ebering_ghost_disaster_area
D:4:      kennysheep_spiral_hall, kennysheep_mini_moat, minmay_curled_crystal
D:5:      nemelex_xobeh_ov_fountains_minmay, nicolae_qazlal_eye_of_the_storm,
          vehumet_crystals, minmay_temple_entry_overgrown, corexii_checkpoint_b
D:6:      uniq_edmund
D:7:      slow_altar_2, yredelemnul_altar_generic
D:8:      serial_shops, nicolae_shop_temple_entry_statues_fountains,
          hangedman_ranch
D:9:      lemuel_coloured_pillars_altar, dancing_weapons_uskayaw,
          grunt_lair_entry_orc_guard_hut, gammafunk_ghost_arena,
          hangedman_tell_no_tales
D:11:     lemuel_angel_altar, uniq_fannar
D:12:     zombieorc2_lemuel, uniq_psyche, uniq_sonja
D:14:     gammafunk_corrupted_shrine, grunt_vaults_entry_tiered, basic_altar,
          solitary_fountain, uniq_azrael
D:15:     gammafunk_depths_entry_grave, makhleb_altar_promises_db
Lair:1:   wad_woods_stonehenge, beast_lair_carwin_1, uniq_harold
Lair:2:   minmay_swamp_entry_reptiles, guppyfry_snake_entry_island,
          patterned_corridor
Lair:3:   special_room, serial_bayou_pond_b, worms_lemuel,
          minmay_lair_oklob_chamber, serial_bayou_shore_b, uniq_nergalle
Lair:4:   basic_altar, roderic_carrion_pond
Lair:5:   nicolae_slime_entry_slimehenge, enter_volcano_1,
          nicolae_quartered_pool_little, serial_bayou_shore_a,
          infiniplex_staircase_pool_2, grunt_megastairs_3, uniq_kirke
Lair:6:   gammafunk_lair_ancient_temple
Orc:1:    gammafunk_ghost_cemetery
Orc:2:    st_orc_elflike
Volcano:  volcano_lake

Skill      XL: |  1  2  3  4  5  6  7  8  9 10 11 12 13 14 15 |
---------------+----------------------------------------------+-----
Dodging        | 3 4 5 6 8 10 11 | 11.2
Fighting       | 4 5 6 8 9 10 11 | 11.7
Axes           | 4 5 6 7 8 10 14 16 18 20 | 20.5
Shields        | 1 |  1.2
Evocations     | 5 |  5.0
Throwing       | 3 5 7 |  7.4

Action                   |  1- 3 |  4- 6 |  7- 9 | 10-12 | 13-15 || total
-------------------------+-------+-------+-------+-------+-------++-------
Melee: Hand axe          |    88 |    39 |       |       |       ||   127
       Tailslap          |     9 |    25 |    19 |    93 |   158 ||   304
       War axe           |       |   175 |    74 |       |       ||   249
       Battleaxe         |       |       |   120 |   523 |   174 ||   817
       Executioner's axe |       |       |       |       |   660 ||   660
Throw: Javelin           |       |       |       |     4 |    29 ||    33
Invok: Berserk           |     2 |     7 |     4 |    18 |    15 ||    46
       Trog's Hand       |       |     1 |     2 |     3 |    10 ||    16
       Brothers in Arms  |       |       |     1 |     2 |     3 ||     6
 Abil: Breathe Fire      |       |       |    26 |    70 |    66 ||   162
Evoke: Wand              |       |       |     2 |     4 |       ||     6
  Use: Scroll            |     2 |     2 |    12 |     9 |    11 ||    36
       Potion            |       |       |       |     6 |       ||     6
 Stab: Sleeping          |       |     2 |     1 |       |     3 ||     6
       Distracted        |       |       |       |     1 |       ||     1
  Eat: Chunk             |     3 |    12 |    24 |    40 |    55 ||   134
       Ration            |       |     2 |       |     4 |     4 ||    10
Armor: Skin              |    26 |    57 |    67 |   165 |   199 ||   514
Dodge: Dodged            |    65 |   136 |   143 |   523 |   689 ||  1556
Block: Buckler           |       |    16 |    10 |       |       ||    26

Table legend:
 A = Non-vault XP
 B = Vault XP
 C = Vault XP percentage of total XP
 D = Non-vault monster count
 E = Vault monster count
 F = Vault count percentage of total count
                 A         B        C        D         E       F
            +---------+---------+-------+---------+---------+-------
      Total |   83282 |   59638 |  41.7 |     514 |     251 |  32.8
            +---------+---------+-------+---------+---------+-------
        D:1 |      31 |       0 |   0.0 |      19 |       0 |   0.0
        D:2 |     121 |      37 |  23.4 |      14 |       1 |   6.7
        D:3 |      54 |       0 |   0.0 |      15 |       0 |   0.0
        D:4 |     354 |      77 |  17.9 |      21 |       3 |  12.5
        D:5 |     460 |       3 |   0.6 |      12 |       2 |  14.3
        D:6 |     728 |     164 |  18.4 |      18 |       1 |   5.3
        D:7 |     927 |      40 |   4.1 |      19 |       1 |   5.0
        D:8 |     754 |    1808 |  70.6 |      15 |       8 |  34.8
        D:9 |    4376 |    1705 |  28.0 |      38 |      11 |  22.4
       D:10 |    3954 |       0 |   0.0 |      17 |       0 |   0.0
       D:11 |    3390 |    1028 |  23.3 |      43 |       1 |   2.3
       D:12 |    4255 |    2133 |  33.4 |      29 |      38 |  56.7
       D:13 |    7834 |       0 |   0.0 |      23 |       0 |   0.0
       D:14 |   16460 |    9221 |  35.9 |      45 |      30 |  40.0
       D:15 |    4247 |       0 |   0.0 |      16 |       0 |   0.0
     Lair:1 |    4313 |    5641 |  56.7 |      22 |      17 |  43.6
     Lair:2 |    1273 |     763 |  37.5 |       8 |       5 |  38.5
     Lair:3 |    7009 |    8431 |  54.6 |      21 |      47 |  69.1
     Lair:4 |    7112 |     604 |   7.8 |      30 |       5 |  14.3
     Lair:5 |    2449 |    3889 |  61.4 |       7 |      11 |  61.1
     Lair:6 |   10097 |   11194 |  52.6 |      35 |      29 |  45.3
      Orc:1 |     956 |       0 |   0.0 |      15 |       0 |   0.0
      Orc:2 |    2128 |    7672 |  78.3 |      32 |      25 |  43.9
    Volcano |       0 |    5228 | 100.0 |       0 |      16 | 100.0
            +---------+---------+-------+---------+---------+-------

Vault maps used:
D:1:      elethiomel_arrival_maze, okawaru_ov_weapons_minmay
D:2:      kiku_gazebo_pond_becter, lemuel_round_altar, first_ration,
          minivault_24, uniq_natasha, uniq_sigmund
D:3:      nicolae_overflow_hidden_temple, ebering_ghost_disaster_area
D:4:      kennysheep_spiral_hall, kennysheep_mini_moat, minmay_curled_crystal
D:5:      nemelex_xobeh_ov_fountains_minmay, nicolae_qazlal_eye_of_the_storm,
          vehumet_crystals, minmay_temple_entry_overgrown, corexii_checkpoint_b
D:6:      uniq_edmund
D:7:      slow_altar_2, yredelemnul_altar_generic
D:8:      serial_shops, nicolae_shop_temple_entry_statues_fountains,
          hangedman_ranch
D:9:      lemuel_coloured_pillars_altar, dancing_weapons_uskayaw,
          grunt_lair_entry_orc_guard_hut, gammafunk_ghost_arena,
          hangedman_tell_no_tales
D:11:     lemuel_angel_altar, uniq_fannar
D:12:     zombieorc2_lemuel, uniq_psyche, uniq_sonja
D:14:     gammafunk_corrupted_shrine, grunt_vaults_entry_tiered, basic_altar,
          solitary_fountain, uniq_azrael
D:15:     gammafunk_depths_entry_grave, makhleb_altar_promises_db
Lair:1:   wad_woods_stonehenge, beast_lair_carwin_1, uniq_harold
Lair:2:   minmay_swamp_entry_reptiles, guppyfry_snake_entry_island,
          patterned_corridor
Lair:3:   special_room, serial_bayou_pond_b, worms_lemuel,
          minmay_lair_oklob_chamber, serial_bayou_shore_b, uniq_nergalle
Lair:4:   basic_altar, roderic_carrion_pond
Lair:5:   nicolae_slime_entry_slimehenge, enter_volcano_1,
          nicolae_quartered_pool_little, serial_bayou_shore_a,
          infiniplex_staircase_pool_2, grunt_megastairs_3, uniq_kirke
Lair:6:   gammafunk_lair_ancient_temple
Orc:1:    gammafunk_ghost_cemetery
Orc:2:    st_orc_elflike
Volcano:  volcano_lake

Table legend:
 A = Turns spent in this place as a percentage of turns spent in the entire game.
 B = Non-inter-level travel turns spent in this place as a percentage of non-inter-level travel turns spent in the entire game.
 C = Inter-level travel turns spent in this place as a percentage of turns spent in this place.
 D = Turns resting spent in this place as a percentage of non-inter-level travel turns spent in this place.
 E = Turns spent auto-exploring this place as a percentage of non-inter-level travel turns spent in this place.
 F = Non-inter-level travel turns spent in this place divided by the number of levels of this place that you've seen.
                   A       B       C       D       E      F
               +-------+-------+-------+-------+-------+----------------------
         Total | 100.0 | 100.0 |   5.3 |  16.2 |  62.0 | 998.5
       Dungeon |  57.2 |  56.5 |   6.4 |  12.0 |  67.4 | 902.7
          Lair |  32.6 |  33.1 |   3.9 |  19.9 |  57.6 | 1322.7
  Orcish Mines |   7.0 |   7.0 |   5.1 |  27.9 |  50.7 | 838.0
       Volcano |   3.2 |   3.4 |   0.0 |  27.1 |  39.2 | 812.0
               +-------+-------+-------+-------+-------+----------------------

Table legend:
 A = Kills in this place as a percentage of kills in entire the game.
 B = Kills by you in this place as a percentage of kills by you in the entire game.
 C = Kills by friends in this place as a percentage of kills by friends in the entire game.
 D = Other kills in this place as a percentage of other kills in the entire game.
 E = Experience gained in this place as a percentage of experience gained in the entire game.
 F = Experience gained in this place divided by the number of levels of this place that you have seen.
                   A       B       C       D       E      F
               +-------+-------+-------+-------+-------+----------------------
         Total | 100.0 | 100.0 | 100.0 |   N/A | 100.0 | 5955.0
       Dungeon |  57.5 |  57.8 |  47.1 |   N/A |  44.9 | 4277.4
          Lair |  31.0 |  31.0 |  29.4 |   N/A |  43.9 | 10462.5
  Orcish Mines |   9.4 |   9.1 |  23.5 |   N/A |   7.5 | 5378.0
       Volcano |   2.1 |   2.1 |   0.0 |   N/A |   3.7 | 5228.0
               +-------+-------+-------+-------+-------+----------------------
